 Dungeon Crawl Stone Soup version 0.27.1-34-g3ba077fa99 (webtiles) character file.

Game seed: 1276034082751678592

35 Descartes the Grasshopper (level 3, -2/27 HPs)
             Began as a Formicid Warper on Jan 22, 2022.
             Slain by a worm (9 damage)
             ... on level 2 of the Dungeon.
             The game lasted 00:01:18 (1304 turns).

Descartes the Grasshopper (Formicid Warper)         Turns: 1304, Time: 00:01:19

Health: -2/27      AC:  3    Str: 16    XL:     3   Next: 55%
Magic:  6/6        EV: 11    Int: 12    God:
Gold:   70         SH:  0    Dex: 10    Spells: 6/6 levels left

rFire    . . .     SeeInvis +   a - +0 mace
rCold    . . .     Faith    .   (no shield)
rNeg     . . .     Spirit   .   b - +0 leather armour
rPois    .         Reflect  .   (helmet unavailable)
rElec    .         Harm     .   (no cloak)
rCorr    .         Rampage  .   (no gloves)
Will     .....                  (no boots)
Stlth    +.........             (no amulet)
HPRegen  0.09/turn              (no ring)
MPRegen  0.10/turn              (no ring)

@: no status effects
A: permanent stasis, dig shafts and tunnels, antennae 3, four strong arms
a: Dig, Shaft Self


You were on level 2 of the Dungeon.
You visited 1 branch of the dungeon, and saw 2 of its levels.

You collected 70 gold pieces.

Inventory:

Hand Weapons
 a - a +0 mace (weapon)
 g - a +0 dagger of speed
 i - a +0 dagger of venom
Missiles
 c - 5 boomerangs of dispersal (quivered)
Armour
 b - a +0 leather armour (worn)
Scrolls
 d - 2 scrolls of teleportation {unknown}
 h - a scroll of blinking {unknown}
Potions
 e - a potion of invisibility {unknown}
 f - 2 potions of curing {unknown}
 j - a potion of lignification {unknown}


   Skills:
 - Level 2.1 Fighting
 - Level 2.0 Maces & Flails
 - Level 1.0 Throwing
 + Level 2.5 Armour
 - Level 1.7 Dodging
 - Level 2.1 Spellcasting
 + Level 3.3 Translocations


You had 6 spell levels left.
You didn't know any spells.
Your spell library contained the following spells:

 Spells                   Type           Power      Damage    Failure   Level
 Gell's Gravitas          Tloc           4%         N/A       24%         3
 Lesser Beckoning         Tloc           4%         N/A       24%         3
 Teleport Other           Tloc           9%         N/A       24%         3
 Manifold Assault         Tloc           9%         N/A       92%         5
 Blink                    Tloc           Unusable   N/A       N/A         2

Dungeon Overview and Level Annotations

Branches:
Dungeon (2/15)

Altars:


Innate Abilities, Weirdness & Mutations

You cannot be hasted, slowed, berserked, paralysed or teleported.
You can dig through walls and to a lower floor.
You have a pair of large antennae on your head. (SInv)
Your four strong arms can wield two-handed weapons with a shield.


Message History

You kill the hobgoblin!
A quokka comes into view.
You hit the worm but do no damage. The worm closely misses you.
You sock the worm!
The worm is heavily wounded.
The worm bites you.
You barely miss the worm.
The worm is moderately wounded.
The quokka bites you.
The quokka bites you but does no damage.
The worm bites you but does no damage.
You hit the worm but do no damage.
The worm is moderately wounded.
The quokka closely misses you.
You hit the worm.
The worm is heavily wounded.
The quokka closely misses you. The worm barely misses you.
The quokka bites you.
You barely miss the worm.
The worm is heavily wounded.
The quokka bites you. The worm bites you.
The quokka bites you but does no damage.
There are monsters nearby!
You see here a ring of flight.
You hit the quokka.
You kill the quokka!
You hit the worm.
The worm is moderately wounded.
The worm bites you.
You hit the worm.
The worm is severely wounded.
The worm closely misses you.
You hit the worm.
The worm is almost dead.
The worm bites you!
* * * LOW HITPOINT WARNING * * *
You barely miss the worm.
The worm is severely wounded.
The worm bites you!
You die...

.# #.......#
.# #.#...#.#
.# #.#...#.#
.# #.....#.#
.# #..####.#
#.......#
#.......#
#....†###=##
#.#<... #@# #
##..#.#w#
#......?......
#.......##..##
#..####.# #
#... .# # .#
.# .#


You could see a worm.

Vanquished Creatures
  A dart slug (D:1)
  7 ball pythons
  An endoplasm (D:2)
  4 goblins
  3 hobgoblins
  4 jackals (D:1)
  3 kobolds (D:1)
  A quokka (D:2)
  3 frilled lizards
  2 rats
29 creatures vanquished.

Notes
Turn   | Place    | Note
-------+----------+-------------------------------------------
     0 | D:1      | Descartes the Formicid Warper began the quest for the Orb.
     0 | D:1      | Reached XP level 1. HP: 16/16 MP: 3/3
    52 | D:1      | Reached XP level 2. HP: 20/22 MP: 5/5
   176 | D:1      | Reached skill level 3 in Translocations
   373 | D:1      | Reached XP level 3. HP: 10/27 MP: 6/6
  1304 | D:2      | Slain by a worm

Illustrated notes

Levels and vault maps discovered:
D:1:      doesnt_arrival_eight_statues, layout_basic
D:2:      layout_loops_cross

Skill      XL: |  1  2 |
---------------+-------+-----
Translocations | 3 |  3.3
Armour         | 2 |  2.5
Fighting       | |  2.1
Maces & Flails | |  2.0
Throwing       | |  1.0
Dodging        | |  1.7
Spellcasting   | |  2.1

Action                   || total
-------------------------++-------
Melee: Mace              ||    90
Armor: Leather armour    ||    28
Dodge: Dodged            ||    72
